Map: Nightshade LE

Players

lIlIlIlIlIlI - Winner!

  • Race: Terran Terran
  • League: Grandmaster
  • Spawn Location: 5:00

Antis

  • Race: Zerg Zerg
  • League: Grandmaster
  • Spawn Location: 11:00

VOD

Have the link to the VOD?

Description

Time

  • Played on: April 10, 2020, 12:06 p.m.
  • Length: 14:37
Show
View Real Time Build Order
Export as new Build Order

lIlIlIlIlIlI Terran - Winner!

Build Orders: Mech 

Get SALT Encoding   

  12  0:00  SCV  
  13  0:13  SCV  
  14  0:17  Supply Depot  
  14  0:25  SCV  
  15  0:29  Refinery  
  15  0:39  SCV  
  16  0:43  Barracks  
  16  0:51  SCV  
  17  1:03  SCV  
  18  1:15  SCV  
  19  1:29  Orbital Command  
  19  1:30  Barracks Reactor  
  19  1:41  Command Center  
  19  1:50  Factory  
  19  1:55  SCV  
  20  2:02  Supply Depot  
  20  2:07  SCV, Marine  
  22  2:10  Marine  
  22  2:15  Refinery  
  23  2:24  SCV  
  24  2:36  SCV  
  25  2:37  Starport  
  25  2:42  Hellion  
  29  2:44  Hellion  
  29  2:48  SCV  
  30  2:56  Orbital Command  
  29  3:00  SCV  
  29  3:03  Hellion  
  32  3:12  SCV, Hellion  
  35  3:22  Fusion Core  
  35  3:23  SCV  
  35  3:24  SCV  
  37  3:36  SCV x2  
  37  3:38  Supply Depot, Starport Tech Lab  
  39  3:48  SCV  
  40  3:49  SCV  
  41  3:56  Command Center  
  41  4:00  SCV  
  41  4:01  SCV  
  47  4:12  SCV  
  47  4:13  Battlecruiser  
  50  4:17  SCV, Supply Depot  
  53  4:24  SCV  
  53  4:29  SCV  
  53  4:31  Refinery  
  53  4:32  Refinery  
  53  4:36  SCV  
  54  4:39  Hellion x2  
  54  4:40  Armory  
  54  4:41  SCV  
  59  4:48  SCV  
  60  4:53  Armory, SCV  
  61  5:00  SCV  
  61  5:01  Supply Depot  
  62  5:08  SCV  
  62  5:10  Orbital Command  
  62  5:12  SCV  
  64  5:17  Factory  
  64  5:19  Factory  
  64  5:20  SCV  
  65  5:24  SCV  
  65  5:26  Factory  
  65  5:27  Starport Reactor  
  66  5:29  Hellion  
  66  5:32  SCV  
  66  5:33  Terran Vehicle Weapons Level 1  
  69  5:37  SCV  
  69  5:41  Armory  
  70  5:44  SCV  
  70  5:49  SCV  
  72  5:52  Factory  
  72  5:53  Hellion  
  72  5:54  Supply Depot  
  72  5:56  SCV  
  75  5:59  Supply Depot  
  75  6:01  SCV, Supply Depot, Refinery  
  75  6:02  Refinery  
  76  6:05  Factory Tech Lab  
  76  6:08  SCV  
  77  6:13  SCV  
  78  6:20  SCV  
  78  6:21  Orbital Command  
  78  6:24  Hellion, Infernal Pre-Igniter  
  78  6:25  SCV, Thor  
  88  6:32  SCV  
  88  6:37  SCV  
  90  6:41  Factory Tech Lab  
  90  6:42  Hellion x2  
  90  6:45  SCV, Thor  
  101  6:48  SCV  
  101  6:49  SCV  
  103  6:57  SCV  
  103  7:00  SCV  
  100  7:01  SCV  
  100  7:02  Siege Tank  
  100  7:03  Hellion  
  104  7:09  SCV, Siege Tank  
  104  7:12  SCV  
  104  7:14  Supply Depot x2  
  109  7:18  SCV  
  109  7:21  SCV  
  111  7:24  SCV, Terran Vehicle And Ship Armor Level 1  
  112  7:30  SCV  
  112  7:34  Supply Depot, Siege Tank  
  112  7:36  Supply Depot, Hellion  
  118  7:42  Hellion x2, Siege Tank x2  
  128  7:44  Supply Depot, Starport Reactor  
  128  7:45  Terran Vehicle Weapons Level 2  
  128  7:47  Supply Depot  
  128  7:52  Hellion, Engineering Bay  
  130  8:07  Supply Depot  
  130  8:08  Thor  
  136  8:13  SCV x2  
  136  8:14  Thor  
  136  8:16  SCV  
  145  8:21  Missile Turret  
  145  8:25  SCV  
  146  8:28  Hellion x2, Siege Tank  
  146  8:29  Hellion x2  
  146  8:30  Liberator  
  160  8:34  Liberator  
  163  8:53  Hellion x3  
  163  8:55  Hellion x2  
  173  9:01  Supply Depot  
  173  9:08  Command Center  
  173  9:23  Hellion x2, Siege Tank  
  180  9:27  Hellion  
  181  9:47  Hellion x2  
  181  9:49  Hellion  
  181  9:50  Hellion  
  181  9:51  Hellion, Siege Tank  
  174  9:55  Siege Tank  
  173  10:04  Factory  
  173  10:08  Hellion  
  173  10:09  Hellion  
  173  10:10  Siege Tank  
  180  10:19  Hellion x2  
  181  10:23  Siege Tank  
  181  10:27  Siege Tank  
  182  10:30  Hellion x2  
  153  10:41  Hellion x2  
  153  10:42  Siege Tank  
  134  10:45  Viking x2  
  135  10:51  Hellion x2  
  135  10:55  Siege Tank  
  142  10:59  Siege Tank  
  142  11:02  Hellion x2, Refinery x2  
  149  11:04  Factory Tech Lab  
  149  11:12  Hellion  
  149  11:13  Hellion  
  149  11:14  Siege Tank  
  149  11:16  Terran Vehicle Weapons Level 3, Terran Vehicle And Ship Armor Level 2, Factory  
  156  11:24  Hellion x2  
  160  11:27  Siege Tank  
  160  11:30  Siege Tank  
  160  11:31  Siege Tank  
  163  11:33  Missile Turret  
  163  11:34  Hellion x2  
  165  11:45  Hellion x2  
  165  11:46  Siege Tank  
  163  11:49  SCV x2  
  163  11:50  SCV  
  166  11:55  Hellion x2  
  166  11:57  Missile Turret  
  166  11:59  Siege Tank  
  173  12:01  Planetary Fortress  
  173  12:02  Siege Tank  
  173  12:03  Hellion  
  172  12:18  Hellion x2, Siege Tank  
  172  12:22  Hellion  
  181  12:24  Siege Tank  
  183  12:31  Siege Tank  
  172  12:44  Factory Tech Lab, Liberator x2  
  172  12:48  Command Center  
  172  12:51  Hellion x3, Siege Tank x2  
  193  12:58  Hellion, Siege Tank  
  195  13:14  Hellion x2, Siege Tank  
  195  13:17  Hellion  
  169  13:23  Siege Tank x2  
  163  13:29  Viking x2  
  163  13:30  Siege Tank  
  170  13:38  Hellion  
  175  13:47  Hellion x2  
  185  14:00  Viking, Hellion  
  180  14:16  Hellion x2  
Show
View Real Time Build Order
Export as new Build Order

Antis Zerg 

Build Orders: Hatch First, Swarm Host 

Get SALT Encoding   

  12  0:02  Drone  
  13  0:13  Overlord  
  13  0:17  Drone  
  14  0:31  Drone x2  
  16  0:48  Hatchery  
  15  0:51  Drone  
  15  0:55  Drone  
  17  0:58  Drone  
  18  1:10  Extractor  
  17  1:13  Spawning Pool  
  17  1:16  Drone  
  17  1:20  Drone  
  18  1:29  Drone  
  19  1:39  Overlord  
  19  2:00  Queen x2  
  19  2:01  Zergling x6  
  26  2:11  Drone  
  26  2:12  Drone  
  26  2:14  Metabolic Boost  
  28  2:21  Drone  
  30  2:22  Drone  
  30  2:36  Hatchery  
  29  2:43  Drone x2  
  31  2:49  Queen  
  33  2:55  Overlord  
  33  2:59  Drone x2  
  36  3:05  Drone  
  35  3:16  Zergling x4  
  35  3:18  Drone x6  
  43  3:26  Overlord  
  42  3:29  Queen  
  44  3:35  Overlord  
  44  3:45  Queen  
  46  3:49  Drone x2  
  46  3:50  Queen  
  46  3:51  Zergling x4  
  46  3:54  Drone, Extractor  
  46  3:55  Drone  
  53  3:56  Drone  
  53  4:02  Overlord  
  54  4:04  Overlord  
  54  4:07  Zergling x4  
  54  4:09  Drone  
  57  4:13  Drone x3  
  60  4:18  Queen  
  62  4:25  Drone x4  
  62  4:30  Overlord  
  66  4:32  Drone x2  
  66  4:36  Lair  
  68  4:39  Spore Crawler  
  68  4:43  Evolution Chamber  
  68  4:45  Evolution Chamber, Drone  
  67  4:46  Drone  
  67  4:51  Drone x3  
  70  4:55  Spore Crawler  
  70  4:57  Spore Crawler  
  68  5:01  Drone x3  
  68  5:04  Overlord  
  71  5:07  Drone x3  
  71  5:12  Extractor  
  73  5:14  Zerg Melee Weapons Level 1  
  73  5:19  Drone x3  
  76  5:26  Zergling x8, Extractor x2  
  78  5:30  Baneling Nest  
  78  5:34  Drone x5  
  82  5:44  Drone x4  
  82  5:45  Spire  
  85  5:51  Extractor  
  85  5:55  Drone x6  
  90  6:00  Overlord  
  90  6:03  Roach Warren  
  89  6:08  Overlord  
  89  6:10  Overseer  
  89  6:11  Drone  
  89  6:19  Zerg Missile Weapons Level 1  
  89  6:20  Centrifical Hooks  
  89  6:21  Hatchery, Drone x3  
  89  6:26  Drone x7  
  95  6:34  Overlord  
  95  6:42  Glial Reconstitution  
  95  6:43  Roach  
  95  6:44  Roach x4  
  95  6:46  Overlord x2  
  102  7:01  Roach x3  
  103  7:03  Zergling x10  
  106  7:08  Zerg Flyer Weapons Level 1, Corruptor x3  
  106  7:09  Corruptor  
  106  7:15  Corruptor x2  
  118  7:24  Corruptor  
  122  7:30  Roach x4  
  122  7:32  Overlord x3  
  128  7:41  Roach  
  128  7:42  Roach x2  
  134  7:44  Baneling x7  
  134  7:45  Baneling x2  
  134  7:49  Overlord x2  
  134  7:53  Overlord  
  134  7:54  Overlord  
  134  7:58  Overlord  
  134  7:59  Overlord  
  134  8:10  Drone x2  
  134  8:12  Infestation Pit  
  135  8:14  Extractor  
  135  8:16  Drone x4  
  135  8:18  Spine Crawler  
  135  8:19  Overlord x2, Drone x2  
  139  8:22  Drone x2  
  139  8:24  Nydus Network  
  140  8:35  Zerg Missile Weapons Level 2  
  140  8:40  Spore Crawler  
  139  8:53  Swarm Host x11  
  168  9:08  Swarm Host x2  
  174  9:11  Ravager  
  174  9:12  Ravager x2  
  177  9:17  Roach  
  177  9:20  Roach x6  
  177  9:23  Overlord  
  191  9:26  Drone x3  
  194  9:31  Extractor  
  194  9:36  Hive  
  193  9:39  Zergling x2, Spore Crawler  
  193  9:40  Zergling x16, Hatchery, Spore Crawler  
  193  9:44  Nydus Canal  
  188  9:58  Roach x9  
  198  10:06  Drone x5  
  198  10:07  Drone x3  
  199  10:14  Baneling x10  
  192  10:19  Overlord  
  185  10:34  Roach x8  
  154  10:45  Roach x6  
  156  10:51  Zergling x10  
  161  10:58  Zerg Missile Weapons Level 3  
  161  11:01  Ravager x4  
  161  11:02  Ravager  
  161  11:03  Zergling x6  
  161  11:04  Zergling x2  
  170  11:09  Overlord  
  170  11:10  Overlord  
  170  11:13  Pneumatized Carapace  
  170  11:15  Ravager x3  
  173  11:19  Baneling x6  
  173  11:20  Baneling x4  
  164  11:33  Roach x6  
  164  11:34  Roach x4  
  148  11:51  Roach, Hydralisk Den, Zerg Ground Armor Level 1  
  148  11:52  Roach x7  
  163  12:00  Ravager x4  
  167  12:02  Roach x3  
  173  12:12  Roach x2  
  173  12:13  Roach x4  
  181  12:24  Roach x9  
  188  12:36  Roach x7  
  199  12:44  Ravager x3  
  199  12:56  Ravager  
  200  13:01  Hatchery  
  197  13:07  Grooved Spines  
  190  13:18  Hydralisk x4  
  190  13:19  Hydralisk x7  
  160  13:25  Mutalisk x2  
  144  13:38  Mutalisk  
  146  13:46  Roach x3  
  139  13:57  Zergling x10  
  137  14:26  Hatchery  
Tags
 
Add a new tag
Caveats
  • Supply blocks, unpowered buildings, or Contaminate may cause inaccurate times.
  • Supply counts are checked every 10 seconds.